 Dungeon Crawl Stone Soup version 0.18-a0-900-gbbf5c82 (webtiles) character file.

7675 dvd the Grappler (level 11, -8/92 (93) HPs)
             Began as a Ghoul Monk on Dec 24, 2015.
             Was a Priest of Qazlal.
             Mangled by a hill giant
             ... wielding a +0 giant spiked club
              (31 damage)
             ... on level 10 of the Dungeon.
             The game lasted 00:50:51 (9457 turns).

dvd the Grappler (Ghoul Monk)                       Turns: 9457, Time: 00:50:51

HP:   -8/92 (93)    AC: 18    Str: 17    XL:     11   Next: 19%
MP:   5/11          EV: 11    Int:  5    God:    Qazlal [***...]
Gold: 481           SH:  3    Dex: 13    Spells: 0 memorised, 10 levels left

rFire  . . .     SeeInvis .       - Unarmed
rCold  + . .     Gourm    .     U - +0 plate armour
rNeg   + + +     Faith    .     (no shield)
rPois  ∞         Spirit   .     F - +2 helmet
rElec  .         Dismiss  .     o - +0 cloak
rCorr  .         Reflect  .     x - +0 pair of gloves
SustAt +         Harm     .     (no boots)
MR     .....                    (no amulet)
Stlth  ..........               X - +3 ring of evasion
                                H - ring of sustain attributes

@: rotting, not resistant to hostile enchantments, extremely unstealthy
A: rotting body, claws 1, carnivore 3, cold resistance 1, negative energy
resistance 3, slow regeneration 1, torment resistance, unbreathing
a: Upheaval, Elemental Force, Renounce Religion


You were on level 10 of the Dungeon.
You worshipped Qazlal.
Qazlal was most pleased with you.
You were not hungry.

You visited 2 branches of the dungeon, and saw 11 of its levels.

You collected 481 gold pieces.

Inventory:

Hand Weapons
 a - a +0 hunting sling
 b - a +0 shortbow
Missiles
 c - 132 arrows
 g - 3 javelins
 h - 317 stones
 k - 12 bolts of flame
 u - 59 bolts
 y - 16 sling bullets
 C - 20 steel bolts
 M - 2 steel tomahawks (quivered)
 W - 9 tomahawks
Armour
 o - a +0 cloak (worn)
 r - a +0 ring mail
 x - a +0 pair of gloves (worn)
 F - a +2 helmet (worn)
 J - a +0 scale mail
 L - a +0 chain mail
 U - a +0 plate armour (worn)
Magical Staves
 A - an uncursed staff of earth
Jewellery
 p - the ring of the Establishment {rF- Int+2 Dex+7}
   (You found it on level 9 of the Dungeon)

   [ring of intelligence]

   It affects your intelligence (+2).
   It affects your dexterity (+7).
   It makes you vulnerable to fire.
 H - a ring of sustain attributes (left hand)
 X - a +3 ring of evasion (right hand)
Wands
 l - a wand of digging (7/24)
 s - a wand of lightning (5/15)
 z - a wand of magic darts (27/48)
 D - a wand of disintegration (5/24)
 O - a wand of disintegration (20/24)
 Q - a wand of lightning (4/15)
Scrolls
 d - a scroll of enchant armour
 f - 6 scrolls of identify
 j - 3 scrolls of teleportation
 n - 3 scrolls of remove curse
 E - 2 scrolls of immolation
 I - a scroll of enchant weapon {unknown}
 N - a scroll of fog {unknown}
Potions
 i - 3 potions of curing
 v - 2 potions of heal wounds
 B - 2 potions of haste
 R - a potion of brilliance
Books
 e - a book of Envenomations

   Spells                             Type                      Level
   a - Spider Form                    Transmutation/Poison         3
   b - Alistair's Intoxication        Transmutation/Poison         4
   c - Olgreb's Toxic Radiance        Poison                       4
   d - Poisonous Cloud                Conjuration/Poison/Air       6
 w - a book of Clouds

   Spells                             Type                      Level
   a - Mephitic Cloud                 Conjuration/Poison/Air       3
   b - Conjure Flame                  Conjuration/Fire             3
   c - Poisonous Cloud                Conjuration/Poison/Air       6
   d - Freezing Cloud                 Conjuration/Ice/Air          6
   e - Ring of Flames                 Charms/Fire                  7
 V - a book of Air

   Spells                             Type                      Level
   a - Shock                          Conjuration/Air              1
   b - Swiftness                      Charms/Air                   2
   c - Repel Missiles                 Charms/Air                   2
   d - Static Discharge               Conjuration/Air              3
   e - Lightning Bolt                 Conjuration/Air              5
Miscellaneous
 q - a piece from Xom's chessboard
Comestibles
 m - 3 meat rations
 G - 2 beef jerkies
 K - 2 royal jellies


   Skills:
 + Level 7.7 Fighting
 + Level 5.8(5.9) Slings
 + Level 0.8 Bows
 + Level 1.3(3.9) Throwing
 + Level 6.7 Armour
 + Level 7.1 Dodging
 + Level 3.6 Stealth
 + Level 10.7 Unarmed Combat
 + Level 2.0 Invocations
 + Level 0.6 Evocations


You had 10 spell levels left.
You didn't know any spells.

Dungeon Overview and Level Annotations

Branches:
Dungeon (10/15)            Temple (1/1) D:5            Lair (0/8) D:9
    Orc (0/2) D:10

Altars:
Ashenzari
Cheibriados
Dithmenos
Elyvilon
Fedhas
Gozag
Kikubaaqudgha
Makhleb
Nemelex Xobeh
Okawaru
Pakellas
Qazlal
Ru
Sif Muna
Trog
Vehumet
Xom
Yredelemnul
Zin
The Shining One


Innate Abilities, Weirdness & Mutations

Your body is rotting away.
You thrive on raw meat.
You are immune to poison.
You have sharp fingernails.
You are carnivorous and can eat meat at any time.
Your flesh is cold resistant.
You are immune to negative energy.
You regenerate slowly when monsters are visible.
You are immune to unholy pain and torment.
You can survive without breathing.


Message History

The hill giant hits you with a giant spiked club!
* * * LOW HITPOINT WARNING * * *
You see here a bread ration.
Aiming: Upheaval
Press: ? - help, Dir - move target cursor, f/p - hill giant
Aim: a hill giant, wielding a giant spiked club (moderately wounded)
The ground shakes violently, spewing rubble!
The blast of rubble hits the hill giant.
The hill giant is heavily wounded.
Your plate armour prevents you from hitting the hill giant.
The hill giant is heavily wounded.
You block the hill giant's attack.
Evoke which item? (* to show all) (? for menu, Esc to quit)
Zapping:
O - a wand of disintegration (21/24)
Press: ? - help, Shift-Dir - straight line, f/p - hill giant
Aim: a hill giant, wielding a giant spiked club (heavily wounded, chance to defeat MR: 50%)
The hill giant resists with some effort.
This wand has 20 charges left.
The hill giant hits you with a giant spiked club!!
You die...

########################
.......................#
...#..#..#....§..§..(..#
...............C@......#
...######...######.....#
.§.# .#...# !..#..#..#
##.# .#.#.#... #§....#
...## .#...#.# #.....#
....###.#...'.# ###§..#
....'...#...#......#.#.#
..#.#...#.#.#......#.#.#
..#.#...#...########...#


You could see a hill giant.

Vanquished Creatures
  Nergalle (D:10)
  A griffon (D:9)
  A troll (D:10)
  Prince Ribbit (D:5)
  A two-headed ogre (D:9)
  A slime creature (D:7)
  7 yaks
  A wyvern (D:9)
  A hippogriff (D:7)
  4 hungry ghosts
  Duvessa (D:5)
  A black bear (D:7)
  3 orc warriors (D:8)
  A sky beast (D:9)
  2 eyes of draining
  2 ice beasts (D:9)
  A phantom (D:5)
  2 necrophages
  3 centaurs (D:9)
  4 ogres
  Blork the orc (D:6)
  5 giant frogs
  Dowan (D:5)
  3 scorpions
  An electric eel (D:10)
  4 killer bees (D:8)
  4 crimson imps
  A giant frog zombie (D:10)
  7 jellies
  A quasit (D:7)
  5 orc priests
  8 orc wizards
  Crazy Yiuf (D:7)
  5 hounds
  A giant frog skeleton (D:6)
  An iguana (D:10)
  7 worker ants
  A killer bee zombie (D:9)
  2 hound zombies
  A worker ant zombie (D:9)
  10 adders
  15 oozes
  An adder zombie (D:6)
  3 worms
  An adder skeleton (D:9)
  7 giant geckos
  42 orcs
  5 giant cockroaches
  5 goblins
  7 hobgoblins
  8 jackals
  10 kobolds
  8 quokkas
  2 ball pythons
  11 bats
  3 giant newts
  A goblin skeleton (D:2)
  A goblin zombie (D:2)
  A jackal skeleton (D:6)
  6 rats
246 creatures vanquished.

Vanquished Creatures (others)
  3 gnolls (D:2)
  A giant gecko (D:2)
  A hobgoblin (D:2)
  2 bats (D:2)
  A rat (D:2)
  6 fungi (D:7)
14 creatures vanquished.

Grand Total: 260 creatures vanquished

Notes
Turn   | Place    | Note
--------------------------------------------------------------
     0 | D:1      | dvd the Ghoul Monk began the quest for the Orb.
     0 | D:1      | Reached XP level 1. HP: 19/19 MP: 0/0
    61 | D:1      | Reached XP level 2. HP: 20/26 MP: 1/1
   299 | D:1      | Reached XP level 3. HP: 26/31 MP: 2/2
   355 | D:1      | Reached skill level 5 in Unarmed Combat
  1019 | D:2      | Found a runed door.
  1019 | D:2      | Noticed a human
  1021 | D:2      | Found a basalt altar of Yredelemnul.
  1239 | D:2      | Reached XP level 4. HP: 25/39 MP: 3/3
  1838 | D:3      | Reached skill level 1 in Armour
  1862 | D:3      | Found an oddly glowing altar of Pakellas.
  1863 | D:3      | Found a shimmering altar of Xom.
  1915 | D:3      | Reached XP level 5. HP: 13/46 MP: 4/4
  2325 | D:3      | Reached XP level 6. HP: 46/52 MP: 5/5
  2548 | D:3      | You fall through a shaft for 3 floors!
  2585 | D:6      | Reached skill level 1 in Slings
  2686 | D:6      | Reached skill level 6 in Unarmed Combat
  2859 | D:6      | Reached XP level 7. HP: 47/60 MP: 6/6
  3063 | D:6      | Noticed Blork the orc
  3090 | D:6      | Killed Blork the orc
  3336 | D:5      | Entered Level 5 of the Dungeon
  3344 | D:5      | Noticed Dowan
  3345 | D:5      | Noticed Duvessa
  3554 | D:4      | Reached XP level 8. HP: 50/66 MP: 7/7
  4352 | D:5      | Killed Duvessa
  4352 | D:5      | Reached skill level 5 in Fighting
  4581 | D:5      | Killed Dowan
  4581 | D:5      | Reached skill level 5 in Dodging
  4838 | D:5      | Reached skill level 7 in Unarmed Combat
  4951 | D:5      | Found a white marble altar of Elyvilon.
  5116 | D:5      | Found a staircase to the Ecumenical Temple.
  5150 | Temple   | Entered the Ecumenical Temple
  5289 | Temple   | Became a worshipper of Qazlal Stormbringer
  5289 | Temple   | Reached * piety under Qazlal
  5289 | Temple   | Reached ** piety under Qazlal
  5476 | D:5      | Noticed Prince Ribbit
  5536 | D:5      | Killed Prince Ribbit
  5536 | D:5      | Reached XP level 9. HP: 41/74 MP: 8/8
  5840 | D:5      | Found a basalt altar of Yredelemnul.
  5909 | D:7      | Reached skill level 1 in Throwing
  6076 | D:7      | Noticed Crazy Yiuf
  6096 | D:7      | Killed Crazy Yiuf
  6118 | D:7      | Got a translucent mace
  6496 | D:7      | Reached *** piety under Qazlal
  6714 | D:7      | Reached skill level 5 in Armour
  6714 | D:7      | Reached skill level 8 in Unarmed Combat
  6860 | D:8      | Found a glowing silver altar of Zin.
  6860 | D:8      | Found a glowing golden altar of the Shining One.
  6860 | D:8      | Found a deep blue altar of Sif Muna.
  6872 | D:8      | Found a sparkling altar of Nemelex Xobeh.
  7014 | D:8      | Reached skill level 5 in Slings
  7036 | D:8      | Reached skill level 1 in Invocations
  7036 | D:8      | Reached XP level 10. HP: 73/83 MP: 8/10
  7570 | D:9      | Reached skill level 9 in Unarmed Combat
  7641 | D:9      | Found a staircase to the Lair.
  7740 | D:9      | Noticed a griffon
  7754 | D:9      | Got a fine golden ring
  7823 | D:9      | Identified the ring of the Establishment {rF- Int+2 Dex+7} (You found it on level 9 of the Dungeon)
  8415 | D:9      | Reached skill level 10 in Unarmed Combat
  8467 | D:9      | Killed a griffon
  8566 | D:10     | Entered Level 10 of the Dungeon
  8691 | D:10     | Found a staircase to the Orcish Mines.
  8753 | D:10     | Reached XP level 11. HP: 26/92 MP: 8/11
  9192 | D:10     | Noticed Nergalle
  9202 | D:10     | Killed Nergalle
  9335 | D:10     | Noticed a hill giant
  9457 | D:10     | Mangled by a hill giant

Vault maps used:
D:1:      dpeg_arrival_round_b, grunt_decor_arrowhead,
          hangedman_abyss_or_decor_stabs
D:2:      serial_bayou_pond_e, dk_yredelemnul_ordeal
D:3:      gammafunk_temple_overflow_pools
D:5:      kennysheep_ying_yang, minmay_temple_entry_glassed_door, first_bread,
          uniq_prince_ribbit1, uniq_duvessa
D:6:      serial_curves, eino_curves_03, eino_curves_03, grunt_ministairs_3,
          uniq_blork_the_orc
D:7:      lemuel_slime, uniq_crazy_yiuf_cottage
D:8:      grunt_temple_overflow_open, serial_glass, glass_columns_a,
          glass_columns_b
D:9:      lair_0_dummy, onia_ninara_dug_in_and_dangerous
D:10:     lemuel_troll_bridge, uniq_nergalle, uniq_maurice, uniq_maud
Temple:   circular_temple_12

Action                   |  1- 3 |  4- 6 |  7- 9 | 10-12 || total
-------------------------+-------+-------+-------+-------++-------
Melee: Unarmed           |    92 |   137 |   450 |   355 ||  1034
 Fire: Hunting sling     |    17 |    43 |   124 |    22 ||   206
       Shortbow          |       |       |       |     5 ||     5
Throw: Tomahawk          |       |     2 |    12 |     2 ||    16
       Stone             |       |       |     3 |       ||     3
Invok: Upheaval          |       |       |     3 |     3 ||     6
       Elemental Force   |       |       |       |     1 ||     1
Evoke: Wand              |       |       |       |     6 ||     6
  Use: Scroll            |       |       |     3 |     6 ||     9
       Potion            |       |       |       |    12 ||    12
 Stab: Sleeping          |     3 |     1 |     1 |       ||     5
  Eat: Chunk             |    13 |    19 |    51 |    33 ||   116
